Map: 아크로폴리스 - 래더

Players

Bunny

  • Race: Terran Terran
  • League: Diamond
  • Spawn Location: 11:00

HellraiseR - Winner!

  • Race: Protoss Protoss
  • Spawn Location: 5:00

Event: HomeStory Cup XIX

VOD

Have the link to the VOD?

Description

Time

  • Played on: June 28, 2019, 11:27 a.m.
  • Length: 10:01

All games in this series

Show
View Real Time Build Order
Export as new Build Order

Bunny Terran 

Build Orders: Gas First Reaper Expand, Liberator Opening 

Get SALT Encoding   

  12  0:00  SCV  
  13  0:12  SCV  
  14  0:17  Supply Depot  
  14  0:25  SCV  
  14  0:27  Refinery  
  15  0:38  SCV  
  16  0:43  Barracks  
  16  0:50  SCV  
  17  1:02  SCV  
  18  1:14  SCV  
  19  1:29  Orbital Command  
  19  1:30  Reaper  
  20  1:43  Command Center  
  20  1:53  Factory  
  20  1:58  SCV  
  21  2:05  Barracks Reactor  
  21  2:09  Supply Depot  
  21  2:11  SCV  
  22  2:18  Refinery  
  22  2:24  SCV  
  23  2:36  SCV  
  24  2:42  Starport  
  24  2:45  Hellion  
  24  2:46  Hellion  
  24  2:48  SCV  
  29  3:00  Orbital Command, SCV  
  30  3:07  Hellion  
  30  3:09  Hellion  
  30  3:12  SCV  
  35  3:16  Barracks Tech Lab  
  35  3:20  Medivac  
  35  3:24  SCV  
  38  3:27  SCV  
  38  3:29  Supply Depot  
  39  3:34  Liberator  
  39  3:38  SCV  
  39  3:39  SCV  
  41  3:47  Marine x2  
  41  3:48  Cyclone  
  47  4:05  Marine x2  
  40  4:23  Marine x2  
  37  4:26  Barracks  
  37  4:27  SCV x2  
  31  4:41  Marine x2  
  31  4:43  SCV x2  
  34  4:51  Cyclone  
  37  4:58  Marine, Bunker, SCV x2  
  38  5:00  Marine  
  39  5:07  Supply Depot  
  39  5:10  SCV  
  40  5:15  Barracks Tech Lab  
  40  5:16  SCV  
  41  5:22  SCV  
  41  5:23  Siege Tank  
  41  5:25  Marine  
  41  5:28  Marine  
  45  5:38  SCV x2  
  44  5:50  Stimpack  
  44  5:51  Barracks, SCV x2  
  43  5:59  Marine x3  
  43  6:03  SCV x2  
  45  6:14  Factory Reactor  
  45  6:15  SCV x2  
  45  6:17  Marine x3  
  50  6:18  Barracks  
  52  6:27  Supply Depot  
  52  6:29  SCV  
  52  6:30  SCV, Starport  
  52  6:41  Marine, Refinery, SCV  
  52  6:45  Barracks Tech Lab  
  54  6:48  Marine  
  54  6:49  SCV, Supply Depot  
  54  6:53  SCV  
  57  6:54  Engineering Bay  
  57  6:58  Marauder  
  57  7:01  SCV  
  60  7:05  Marauder  
  60  7:07  Barracks Tech Lab  
  62  7:11  SCV, Supply Depot  
  64  7:15  SCV  
  64  7:21  Siege Tank  
  64  7:22  Medivac  
  69  7:26  Supply Depot  
  69  7:28  SCV  
  70  7:31  Supply Depot  
  70  7:33  Medivac  
  70  7:35  Marine x2  
  74  7:38  Marauder  
  74  7:42  Combat Shield  
  74  7:43  SCV  
  77  7:44  SCV  
  78  7:52  Supply Depot  
  78  7:53  Refinery  
  78  7:54  Terran Infantry Weapons Level 1  
  78  7:55  SCV  
  78  7:56  Marine x2  
  78  7:57  Marine  
  82  8:04  Marauder x2  
  86  8:06  Concussive Shells  
  86  8:10  Supply Depot  
  86  8:14  Marine x2  
  86  8:15  Marine  
  88  8:25  Marine x2  
  78  8:32  Marine x3  
  78  8:34  Medivac  
  66  8:42  Marine  
  66  8:43  Marine  
  66  8:44  Siege Tank  
  71  8:50  Marine  
  71  8:51  Marauder  
  71  8:53  Marine  
  75  9:00  Marine  
  75  9:01  Marine  
  77  9:08  Marine  
  77  9:25  Marine  
  77  9:26  Marine x2  
Show
View Real Time Build Order
Export as new Build Order

HellraiseR Protoss - Winner!

Build Orders: 1 Gate Expand, Oracle Opening, Phoenix Opening 

Get SALT Encoding   

  12  0:00  Probe  
  13  0:12  Probe  
  14  0:17  Pylon  
  14  0:22  Probe  
  15  0:31  Probe  
  16  0:36  Gateway  
  16  0:41  Probe  
  16  0:45  Assimilator  
  17  0:53  Probe  
  18  1:05  Probe  
  19  1:18  Nexus  
  19  1:21  Probe  
  20  1:31  Cybernetics Core  
  20  1:35  Probe  
  21  1:40  Assimilator  
  21  1:47  Probe  
  21  1:50  Pylon  
  22  1:58  Adept  
  22  1:59  Probe  
  23  2:11  Probe  
  26  2:17  Stargate  
  26  2:19  Adept  
  26  2:23  Probe  
  26  2:26  Probe  
  29  2:34  Probe  
  29  2:35  Probe  
  32  2:44  Probe, Warp Gate  
  32  2:47  Probe  
  32  2:49  Adept  
  36  2:53  Oracle  
  36  2:56  Probe  
  37  2:59  Probe  
  41  3:09  Probe, Pylon  
  41  3:12  Probe  
  43  3:19  Adept  
  45  3:21  Probe  
  45  3:26  Oracle  
  46  3:27  Probe, Pylon  
  46  3:33  Probe  
  48  3:39  Probe  
  52  3:45  Probe  
  52  3:47  Gateway  
  53  3:49  Gateway  
  53  3:51  Probe  
  54  3:57  Probe  
  54  3:59  Phoenix  
  55  4:03  Probe  
  55  4:09  Probe  
  53  4:15  Probe  
  51  4:21  Probe  
  52  4:27  Probe  
  41  4:32  Stalker  
  41  4:33  Probe  
  41  4:38  Probe  
  39  4:45  Probe  
  39  4:46  Probe  
  39  4:49  Stalker x2  
  43  4:54  Probe  
  43  4:55  Stalker  
  43  4:57  Probe  
  47  5:03  Pylon  
  47  5:06  Forge, Twilight Council  
  48  5:12  Stalker  
  48  5:17  Stalker  
  48  5:18  Probe  
  48  5:19  Probe  
  52  5:30  Probe  
  52  5:31  Probe  
  41  5:43  Probe x2  
  40  5:54  Stalker, Probe  
  40  5:55  Probe  
  44  6:02  Probe  
  42  6:06  Charge  
  42  6:07  Probe  
  42  6:11  Probe  
  44  6:13  Nexus  
  45  6:19  Probe  
  45  6:22  Probe  
  45  6:25  Protoss Ground Armor Level 1  
  47  6:31  Probe  
  48  6:34  Probe  
  48  6:36  Gateway  
  48  6:37  Gateway  
  49  6:40  Stalker, Gateway  
  49  6:43  Probe  
  49  6:44  Zealot  
  49  6:45  Zealot  
  56  6:49  Pylon  
  56  6:54  Probe, Assimilator  
  57  6:55  Probe  
  58  7:06  Probe  
  58  7:07  Stalker  
  62  7:08  Probe  
  62  7:14  Stalker, Zealot  
  66  7:18  Probe  
  66  7:20  Probe, Pylon  
  66  7:22  Probe, Robotics Facility  
  69  7:30  Probe x2  
  69  7:32  Probe  
  69  7:34  Sentry, Zealot  
  69  7:35  Zealot  
  78  7:41  Blink  
  78  7:42  Probe  
  79  7:45  Gateway x2  
  81  7:56  Zealot x3  
  85  8:00  Zealot x2  
  85  8:03  Zealot  
  91  8:08  Probe x2  
  91  8:11  Probe  
  94  8:14  Observer  
  97  8:25  Immortal  
  91  8:28  Zealot x6  
  89  8:39  Zealot  
  89  8:40  Zealot  
  91  8:49  Zealot x2  
  91  8:50  Zealot x3  
  91  8:53  Pylon  
  91  8:55  Pylon x2  
  101  9:00  Pylon  
  101  9:02  Pylon  
  101  9:13  Stalker x4  
  101  9:14  Sentry  
  101  9:15  Zealot  
  101  9:17  Immortal  
  113  9:23  Zealot x2  
  111  9:38  Zealot x5  
  97  9:45  Zealot x3  
  83  9:58  Zealot x4  
Tags
 
Add a new tag
Caveats
  • Supply blocks, unpowered buildings, or Contaminate may cause inaccurate times.
  • Supply counts are checked every 10 seconds.